 Dungeon Crawl Stone Soup version 0.30.1-11-g7821555f0a (webtiles) character file.

Game seed: 14700508859544315952

450 MacCMillion the Chopper (level 7, 0/57 HPs)
             Began as a Ghoul Fighter on Dec 3, 2023.
             Slain by a kobold
             ... wielding a +3 whip
              (2 damage)
             ... on level 3 of the Dungeon.
             The game lasted 00:05:02 (3932 turns).

MacCMillion the Chopper (Ghoul Fighter)             Turns: 3932, Time: 00:05:02

Health: 0/57       AC:  6    Str: 22    XL:     7   Next: 4%
Magic:  6/6        EV:  9    Int:  3    God:
Gold:   270        SH:  4    Dex:  8    Spells: 6/6 levels left

rFire   + . .        a - +0 war axe
rCold   + + .        c - +0 buckler
rNeg    + + +        b - +0 scale mail
rPois   ∞            (no helmet)
rElec   .            o - scarf {rC+ rF+}
rCorr   .            (no gloves)
SInv    .            (no boots)
Will    .....        (no amulet) Stlth
                     (no ring)
HPRegen 0.00/turn    (no ring)
MPRegen 0.10/turn

%: no passive effects
@: inhibited regen
A: claws 1, cold resistance 1, negative energy resistance 3, inhibited
regeneration, torment resistance 2, devour on kill
a: no special abilities


You were on level 3 of the Dungeon.
You visited 1 branch of the dungeon, and saw 6 of its levels.

You collected 296 gold pieces.
You spent 26 gold pieces at shops.

Inventory:

Hand Weapons
 a - a +0 war axe (weapon)
Armour
 b - a +0 scale mail (worn)
 c - a +0 buckler (worn)
 o - a scarf of resistance (worn)
Wands
 i - a wand of roots (5)
 q - a wand of flame (5)
 r - a wand of polymorph (13)
Scrolls
 e - 3 scrolls of teleportation {unknown}
 f - a scroll of amnesia
 j - 4 scrolls of fog {unknown}
 p - a scroll of noise {unknown}
 s - a scroll of fear {unknown}
Potions
 d - 5 potions of might
 h - 2 potions of curing
 k - a potion of flight
 l - 2 potions of resistance
 m - a potion of brilliance
 n - a potion of mutation


   Skills:
 - Level 3.2 Fighting
 + Level 6.0 Axes
 - Level 2.6 Armour
 - Level 4.0 Shields


You had 6 spell levels left.
You didn't know any spells.
Your spell library contained the following spells:

 Spells                   Type           Power      Damage    Failure   Level
 Foxfire                  Conj/Fire      0%         2x1d4     89%         1
 Blink                    Tloc           0%         N/A       96%         2
 Lesser Beckoning         Tloc           0%         N/A       96%         2
 Momentum Strike          Conj/Tloc      0%         3d8       96%         2
 Scorch                   Fire           0%         2d5       96%         2
 Gell's Gravitas          Tloc           0%         N/A       99%         3
 Teleport Other           Tloc           0%         N/A       99%         3
 Flame Wave               Conj/Fire      0%         2d4       100%        4
 Fireball                 Conj/Fire      0%         3d3       100%        5
 Plasma Beam              Fire/Air       0%         2x1d11    100%        6
 Starburst                Conj/Fire      0%         6d3       100%        6
 Summon Cactus Giant      Summ           0%         N/A       100%        6


Dungeon Overview and Level Annotations

Branches:
Dungeon (6/15)
 Temple: D:4-7

Altars:
Qazlal
Wu Jian

Shops:
D:1 [   D:2 *

Annotations:
D:2 Sigmund
D:3 3 runed translucent doors, blanketernal's ghost, amateur MiGl


Innate Abilities, Weirdness & Mutations

You are immune to poison.
You have sharp fingernails.
Your flesh is cold resistant. (rC+)
You are immune to negative energy. (rN+++)
You do not regenerate when monsters are visible.
You are immune to unholy pain and torment.
You thrive by killing the living.


Message History

f - a scroll of amnesia A kobold comes into view.
It is wielding a +3 whip.
Found an ornate altar of the Wu Jian Council.
The kobold shouts!
You hear a shout! x2
A goblin and an ogre come into view.
Found a chain mail.
The goblin shouts!
The kobold closely misses you.
A quokka comes into view.
You closely miss the kobold. The kobold hits you with a +3 whip.
The kobold attacks as you move away! You block the kobold's attack.
The ogre attacks as you move away!
The ogre hits you with a +0 giant spiked club!!
The ogre attacks as you move away! The ogre barely misses you.
The kobold attacks as you move away! The kobold barely misses you.
The kobold attacks as you move away! The kobold hits you but does no damage.
The kobold attacks as you move away! The kobold hits you with a +3 whip.
Things that are here:
a +0 short sword; 5 poisoned darts; a kobold corpse The kobold attacks as you move away!
The kobold barely misses you. The kobold attacks as you move away!
The kobold hits you with a +3 whip. The kobold attacks as you move away!
The kobold hits you with a +3 whip. The kobold attacks as you move away!
The kobold hits you but does no damage. The kobold attacks as you move away!
You block the kobold's attack. The kobold attacks as you move away!
The kobold hits you but does no damage. The kobold attacks as you move away!
The kobold hits you with a +3 whip.
* * * LOW HITPOINT WARNING * * *
The kobold attacks as you move away! The kobold hits you with a +3 whip.
* * * LOW HITPOINT WARNING * * *
There is a stone staircase leading up here.
The kobold hits you with a +3 whip.
* * * LOW HITPOINT WARNING * * *
You climb upwards.
Level annotation: 3 runed translucent doors, blanketernal's ghost, amateur MiGl
There is a stone staircase leading down here.
You are too injured to fight recklessly!
You barely miss the kobold. The kobold hits you with a +3 whip.
* * * LOW HITPOINT WARNING * * *
The kobold hits you with a +3 whip.
You die...

#....#......##################
.....#.#..#.# ####.#.#..).#
#..<#.#.#..### ##.#.#.#.#....#
...#.#.#.##...###
............#...#
.....#########.K##
................@#
#.#.############## #.#..#
#.##.# ..##.# ####.# #.#
####.# .....#


You could see a kobold.

Vanquished Creatures
  2 phantoms (D:4)
  A jelly (D:5)
  Jessica (D:3)
  Natasha (thrice) (D:2)
  5 adders
  4 gnolls (D:2)
  3 dart slugs
  An orc (D:3)
  10 ball pythons
  8 endoplasms
  6 giant cockroaches
  7 goblins
  7 hobgoblins
  4 jackals (D:1)
  3 quokkas
  7 bats
  A frilled lizard (D:3)
  7 kobolds
  7 rats
87 creatures vanquished.

Notes
Turn   | Place    | Note
-------+----------+-------------------------------------------
     0 | D:1      | MacCMillion the Ghoul Fighter began the quest for the Orb.
     0 | D:1      | Reached XP level 1. HP: 19/19 MP: 0/0
    99 | D:1      | Reached skill level 2 in Axes
   116 | D:1      | Reached XP level 2. HP: 26/26 MP: 1/1
   272 | D:1      | Found a faded altar of an unknown god.
   316 | D:1      | Reached XP level 3. HP: 25/31 MP: 2/2
   664 | D:1      | Found Loixtoad's Armour Emporium.
   969 | D:2      | Found Miadyah's General Store.
   983 | D:2      | Bought a scroll of identify for 26 gold pieces
  1106 | D:2      | Noticed Natasha
  1118 | D:2      | Killed Natasha
  1119 | D:2      | Reached skill level 3 in Axes
  1119 | D:2      | Reached XP level 4. HP: 26/38 MP: 3/3
  1431 | D:2      | Noticed Natasha
  1443 | D:2      | Reached XP level 5. HP: 30/45 MP: 4/4
  1445 | D:2      | Killed Natasha
  1450 | D:2      | Reached skill level 4 in Axes
  1823 | D:2      | Noticed Sigmund
  1860 | D:2      | Noticed Natasha
  1863 | D:2      | Killed Natasha
  2235 | D:3      | You fall into a shaft and drop 3 floors!
  2241 | D:5      | Entered Level 5 of the Dungeon
  2244 | D:5      | Reached XP level 6. HP: 49/51 MP: 5/5
  3257 | D:3      | Found a runed translucent gate.
  3257 | D:3      | Found a runed translucent gate.
  3257 | D:3      | Found a runed translucent gate.
  3295 | D:3      | Reached skill level 5 in Axes
  3304 | D:3      | Noticed Jessica
  3317 | D:3      | Killed Jessica
  3383 | D:3      | Noticed blanketernal's ghost (amateur MiGl)
  3434 | D:4      | Found a stormy altar of Qazlal.
  3669 | D:4      | Noticed a black bear
  3862 | D:4      | Reached skill level 6 in Axes
  3862 | D:4      | Reached XP level 7. HP: 55/57 MP: 6/6
  3899 | D:4      | Found an ornate altar of the Wu Jian Council.
  3932 | D:3      | HP: 2/57 [kobold/+3 whip (6)]
  3932 | D:3      | Slain by a kobold

Illustrated notes

Levels and vault maps discovered:
D:1:      evilmike_arrival_rings, layout_loops_ring,
          hellmonk_ecumenical_altar_leap_of_faith, serial_shops,
          nicolae_shop_stone, minmay_ruptured
D:2:      layout_loops_ring, serial_shops, shop, st_stairs_4,
          nicolae_grassy_gnolls, uniq_natasha, uniq_sigmund
D:3:      layout_basic, gammafunk_ghost_necromancy, kennysheep_generic_room_2,
          uniq_jessica
D:4:      layout_basic, amcnicky_altar_gilded, nicolae_wu_jian_wuxing_cycle
D:5:      layout_cave_pools
D:6:      layout_cave_pools, mainiacjoe_overflow_brackets,
          lemuel_zombie_altar_yredelemnul, serial_shops, shop, shop, shop,
          grunt_decor_junction, uniq_eustachio

Skill      XL: |  1  2  3  4  5  6 |
---------------+-------------------+-----
Axes           | 2 3 4 6 |  6.0
Shields        | 3 4 |  4.0
Fighting       | |  3.2
Armour         | |  2.6

Action                     |  1- 3 |  4- 6 |  7- 9 || total
---------------------------+-------+-------+-------++-------
  Melee: War axe           |   118 |   178 |     7 ||   303
    Use: Scroll            |     1 |     3 |     1 ||     5
 Armour: Scale mail        |    63 |    70 |     5 ||   138
  Dodge: Dodged            |    51 |    81 |     8 ||   140
  Block: Buckler           |    40 |    32 |     2 ||    74
